 Dungeon Crawl Stone Soup version 0.29-a0-1016-g236c7fd91e (webtiles) character file.

Game seed: 15886730627546066737

79 kae the Poker (level 4, -2/33 HPs)
             Began as a Merfolk Gladiator on Aug 9, 2022.
             Succumbed to a killer bee's poison
             ... on level 4 of the Dungeon.
             The game lasted 00:01:40 (1974 turns).

kae the Poker (Merfolk Gladiator)                   Turns: 1974, Time: 00:01:41

Health: -2/33      AC:  4    Str: 16    XL:     4   Next: 38%
Magic:  4/4        EV: 13    Int: 11    God:
Gold:   198        SH:  0    Dex: 15    Spells: 3/3 levels left

rFire   . . .      SeeInvis .   o - +8 falchion of Day {venom, *Noise rElec rC+ Int+4}
rCold   + . .      Faith    .   (no shield)
rNeg    . . .      Spirit   .   b - +0 leather armour
rPois   .          Reflect  .   l - +0 helmet
rElec   +          Harm     .   (no cloak)
rCorr   .          Rampage  .   (no gloves)
Will    .....                   (no boots)
Stlth   +.........              (no amulet)
HPRegen 0.11/turn               (no ring)
MPRegen 0.09/turn               (no ring)

@: lethally poisoned (-2 -> -23)
A: (nimble swimmer 2), mertail
a: no special abilities


You were on level 4 of the Dungeon.
You visited 1 branch of the dungeon, and saw 4 of its levels.

You collected 198 gold pieces.


Innate Abilities, Weirdness & Mutations

((You are very nimble when in or above water. (Stealth+, EV+, Speed+++)))
Your lower body shifts to a powerful aquatic tail in water.


   Skills:
 - Level 2.1 Fighting
 + Level 1.1 Long Blades
 - Level 6.5 Polearms
 - Level 2.0 Throwing
 - Level 4.0 Dodging


You had 3 spell levels left.
You didn't know any spells.
Your spell library was empty.

Inventory:

Hand Weapons
 a - a +0 trident
 o - the +8 falchion of Day (weapon) {venom, *Noise rElec rC+ Int+4}
   (You found it on level 3 of the Dungeon)

   It poisons the flesh of those it strikes.
   Int:       It affects your intelligence (+4).
   rC:        It protects you from cold.
   rElec:     It insulates you from electricity.
   *Noise:    It may make noises in combat.
Missiles
 d - 3 throwing nets (quivered) {=f!f}
 e - a javelin
 f - 35 stones
 n - 2 boomerangs
Armour
 b - a +0 leather armour (worn)
 l - a +0 helmet (worn)
   (You found it on level 2 of the Dungeon)
Scrolls
 g - 2 scrolls of magic mapping {!r}
 i - 4 scrolls of identify {@r1}
Potions
 c - 2 potions of resistance {unknown}
 h - a potion of heal wounds {@q2}
 k - 3 potions of flight {unknown}
 m - a potion of haste {@q3}
 p - a potion of lignification {unknown}

Dungeon Overview and Level Annotations

Branches:
Dungeon (4/15) Zot: 22039
 Temple: D:4-7

Altars:

Shops:
D:2

:
##..y.#..#########
#..####....#....##
.... ##o[.......##
... #...#......#
.. ##..#......## .
#..J.......#
##.........#
#..yy.....#
##..y@....#
#........#
#........#
##.......#
#......## ##.....#
#....## ##..##


You could see a jelly, 3 killer bees and an orc.


Message History

You take 3 damage, and now have 30/33 hp.
A shadow imp is nearby!
You slash the shadow imp!
You kill the shadow imp!
Your Long Blades skill increases to level 1!
No target in view!
Key pressed, stopping explore.
No target in view!
No target in view! 😎 HP[+3]
Your hp is fully restored (33).
No target in view!
No target in view!
You now have 198 gold pieces (gained 10).
Key pressed, stopping explore.
No target in view!
No target in view!
There is an escape hatch in the ceiling here.
You see here a rat skeleton.
Key pressed, stopping explore.
No target in view!
No target in view!
Found a stone staircase leading down.
Found a stone staircase leading up.
Done exploring.
Done exploring.
No target in view!
No target in view!
Done exploring.
(D) Dungeon
Where to? (Enter - D:3, ? - help)
There is a stone staircase leading down here.
You climb downwards.
There is a stone staircase leading up here.
You aren't carrying any pieces of jewellery.
Unknown command.
A killer bee comes into view.
The killer bee buzzes angrily.
A killer bee comes into view.
A jelly comes into view.
There are monsters nearby!
A killer bee comes into view.
The killer bee buzzes angrily.
You hear a shout!
The killer bee stings you.
You are poisoned.
The killer bee poisons you!
An orc comes into view. It is wielding a +0 dagger of venom.
The killer bee closely misses you. 😕 HP[-5]
You take 5 damage, and now have 28/33 hp.
The killer bee attacks as you move away!
The killer bee closely misses you.
You feel very sick.
The killer bee closely misses you. 😕 HP[-2]
You take 2 damage, and now have 26/33 hp.
You feel sick. 😮 HP[-2]
You take 2 damage, and now have 24/33 hp.
You feel sick.
The killer bee barely misses you. 😮 HP[-1]
You take 1 damage, and now have 23/33 hp.
You feel sick. The killer bee stings you.
* * * LOW HITPOINT WARNING * * *
😨 HP[-7]
You take 7 damage, and now have 16/33 hp.
MASSIVE DAMAGE!! (PAUSE)
Okay, then.
It was a potion of curing.
You feel better. The killer bee misses you. The killer bee stings you.
The killer bee barely misses you. 😮 HP[+5]
You regained 5 hp, and now have 21/33 hp.
The killer bee misses you.
The killer bee stings you but does no damage.
The killer bee stings you.
* * * LOW HITPOINT WARNING * * *
You are poisoned.
The killer bee poisons you! 😨 HP[-5]
You take 5 damage, and now have 16/33 hp.
You feel sick. The killer bee misses you.
The killer bee barely misses you. 😨 HP[-2]
You take 2 damage, and now have 14/33 hp.
The killer bee attacks as you move away!
The killer bee stings you!
* * * LOW HITPOINT WARNING * * *
You are more poisoned.
The killer bee poisons you!
The killer bee attacks as you move away!
The killer bee misses you.
* * * LOW HITPOINT WARNING * * *
You feel very sick. The killer bee completely misses you.
The killer bee stings you.
* * * LOW HITPOINT WARNING * * *
You are more poisoned.
The killer bee poisons you!
There is a stone staircase leading up here. 😱 HP[-11]
You take 11 damage, and now have 3/33 hp.
MASSIVE DAMAGE!! (PAUSE)
You die...

Skill      XL: |  1  2  3  4 |
---------------+-------------+-----
Polearms       | 5 6 |  6.5
Long Blades    | 1 |  1.1
Fighting       | |  2.1
Throwing       | |  2.0
Dodging        | |  4.0

Action                   |  1- 3 |  4- 6 || total
-------------------------+-------+-------++-------
Melee: Trident           |    78 |    16 ||    94
       Falchion          |       |    10 ||    10
  Use: Scroll            |     5 |       ||     5
       Potion            |       |     1 ||     1
 Stab: Sleeping          |     1 |     1 ||     2
       Distracted        |     1 |       ||     1
Armor: Leather armour    |    21 |     5 ||    26
Dodge: Dodged            |    29 |    24 ||    53

Levels and vault maps discovered:
D:1:      evilmike_arrival_rings, layout_basic,
          shapermc_ecumenical_altar_pompeii
D:2:      layout_rooms, chequers_serial_rivers_large_b, nicolae_shop_vocational
D:3:      layout_loops_ring
D:4:      layout_cave_pods, kennysheep_ying_yang, minmay_unequal

Notes
Turn   | Place    | Note
-------+----------+-------------------------------------------
     0 | D:1      | kae the Merfolk Gladiator began the quest for the Orb.
     0 | D:1      | Reached XP level 1. HP: 16/16 MP: 1/1
     0 | D:1      | magus.rc [v1.11.3]
   261 | D:1      | Reached XP level 2. HP: 22/22 MP: 2/2
   392 | D:1      | Reached skill level 5 in Polearms
   419 | D:1      | Found a faded altar of an unknown god.
   667 | D:2      | Reached XP level 3. HP: 27/27 MP: 3/3
   703 | D:2      | Found Feczibb's Vocational Training.
   784 | D:2      | Reached skill level 6 in Polearms
  1230 | D:3      | Reached XP level 4. HP: 33/33 MP: 4/4
  1410 | D:3      | Identified the +8 falchion of Day {venom, *Noise rElec rC+
                  | Int+4}
  1641 | D:3      | Reached skill level 1 in Long Blades
  1973 | D:4      | HP: 6/33 [killer bee (8)]
  1974 | D:4      | Succumbed to a killer bee's poison

Vanquished Creatures
  2 adders (D:2)
  A shadow imp (D:3)
  A worm (D:2)
  A dart slug (D:1)
  An orc (D:3)
  7 endoplasms
  2 giant cockroaches (D:1)
  4 goblins
  3 hobgoblins
  A quokka (D:1)
  4 ball pythons
  7 bats
  3 frilled lizards
  2 kobolds (D:2)
  7 rats
46 creatures vanquished.

Table legend:
 A = Non-vault XP
 B = Vault XP
 C = Vault XP percentage of total XP
 D = Non-vault monster count
 E = Vault monster count
 F = Vault count percentage of total count
                 A         B        C        D         E       F
            +---------+---------+-------+---------+---------+-------
      Total |     114 |       0 |   0.0 |      46 |       0 |   0.0
            +---------+---------+-------+---------+---------+-------
        D:1 |      31 |       0 |   0.0 |      17 |       0 |   0.0
        D:2 |      48 |       0 |   0.0 |      14 |       0 |   0.0
        D:3 |      35 |       0 |   0.0 |      15 |       0 |   0.0
            +---------+---------+-------+---------+---------+-------

Illustrated notes

Table legend:
 A = Kills in this place as a percentage of kills in entire the game.
 B = Kills by you in this place as a percentage of kills by you in the entire game.
 C = Kills by friends in this place as a percentage of kills by friends in the entire game.
 D = Other kills in this place as a percentage of other kills in the entire game.
 E = Experience gained in this place as a percentage of experience gained in the entire game.
 F = Experience gained in this place divided by the number of levels of this place that you have seen.
                   A       B       C       D       E      F
               +-------+-------+-------+-------+-------+----------------------
         Total | 100.0 | 100.0 |   N/A |   N/A | 100.0 |  28.5
       Dungeon | 100.0 | 100.0 |   N/A |   N/A | 100.0 |  28.5
               +-------+-------+-------+-------+-------+----------------------

Table legend: (Time is in decaauts)
 A = Elapsed time spent in this place.
 B = Non-inter-level travel time spent in this place.
 C = Inter-level travel time spent in this place.
 D = Time resting spent in this place.
 E = Time spent auto-exploring this place.
 F = Levels seen in this place.
 G = Mean time per level.
                   A        B        C        D        E       F      G
               +--------+--------+--------+--------+--------+-----+--------+
         Total |   1960 |   1938 |     22 |      0 |   1654 |   4 |  490.0 |
       Dungeon |   1960 |   1938 |     22 |      0 |   1654 |   4 |  490.0 |
               +--------+--------+--------+--------+--------+-----+--------+

Top non-repeatable levels by time:
     D:3: 795 daAuts
     D:1: 661 daAuts
     D:2: 479 daAuts
     D:4: 23 daAuts
